Map: Proxima Station LE

Players

Namshar - Winner!

  • Race: Zerg Zerg
  • Spawn Location: 1:00

aLo

  • Race: Zerg Zerg
  • Spawn Location: 7:00

Event: IEM XI Katowice - World Championship 2017

VOD

Have the link to the VOD?

Description

Time

  • Played on: Feb. 28, 2017, 9:25 a.m.
  • Length: 5:46

All games in this series

Show
View Real Time Build Order
Export as new Build Order

Namshar Zerg - Winner!

Build Orders: Hatch First, Zergling Baneling 

Get SALT Encoding   

  12  0:00  Drone  
  13  0:12  Overlord  
  13  0:17  Drone  
  14  0:30  Drone  
  14  0:31  Drone  
  16  0:36  Drone  
  17  0:52  Hatchery  
  17  0:55  Drone  
  17  0:58  Drone  
  18  1:09  Extractor  
  17  1:13  Spawning Pool  
  17  1:17  Drone  
  17  1:20  Drone  
  18  1:27  Drone  
  19  1:38  Overlord  
  19  1:49  Drone  
  20  2:00  Queen  
  22  2:02  Zergling x2  
  22  2:03  Queen  
  22  2:05  Drone  
  26  2:09  Metabolic Boost  
  26  2:11  Drone  
  26  2:14  Drone  
  28  2:21  Drone  
  29  2:25  Drone  
  29  2:29  Baneling Nest  
  29  2:33  Drone  
  29  2:35  Spine Crawler  
  29  2:36  Zergling x2  
  30  2:44  Queen  
  32  2:53  Overlord  
  32  2:55  Drone x2  
  32  2:57  Drone  
  36  3:12  Overlord  
  36  3:16  Zergling x14  
  43  3:22  Baneling x2  
  43  3:25  Zergling x2  
  44  3:33  Hatchery  
  43  3:36  Baneling x2  
  43  3:38  Zergling x2  
  44  3:51  Drone x2  
  44  3:52  Overlord  
  44  3:54  Drone  
  44  3:55  Drone x3  
  50  3:58  Baneling x2  
  49  4:09  Zergling x8  
  50  4:12  Zergling x2  
  51  4:22  Zergling x2  
  51  4:23  Zergling x2  
  48  4:27  Zergling x12  
  48  4:30  Baneling  
  48  4:31  Baneling x3  
  54  4:32  Baneling  
  54  4:38  Overlord x2, Evolution Chamber  
  54  4:43  Drone  
  54  4:45  Drone  
  54  4:50  Baneling x2  
  54  4:52  Baneling x2  
  51  5:07  Zergling x2  
  51  5:08  Zergling x14, Baneling  
  51  5:09  Baneling  
  57  5:16  Zergling x6  
  59  5:28  Zergling x2  
  59  5:29  Zergling x6  
  59  5:42  Roach Warren, Extractor  
Show
View Real Time Build Order
Export as new Build Order

aLo Zerg 

Build Orders: Hatch First 

Get SALT Encoding   

  12  0:04  Drone  
  13  0:13  Overlord  
  13  0:18  Drone  
  14  0:31  Drone  
  14  0:32  Drone  
  16  0:37  Drone  
  17  0:56  Drone  
  18  0:58  Hatchery  
  18  1:03  Extractor  
  16  1:04  Drone  
  17  1:15  Spawning Pool  
  16  1:39  Drone  
  19  1:40  Drone x2  
  19  2:02  Queen  
  19  2:05  Zergling x2  
  19  2:06  Overlord  
  22  2:11  Queen  
  22  2:12  Zergling x4  
  26  2:21  Metabolic Boost  
  26  2:27  Drone x2  
  28  2:47  Queen  
  32  2:56  Lair  
  30  2:58  Extractor  
  30  2:59  Drone x4  
  33  3:16  Spine Crawler  
  33  3:18  Drone x4  
  36  3:29  Overlord  
  36  3:52  Queen  
  36  3:54  Zergling x8  
  36  3:55  Zergling x4  
  44  4:01  Spine Crawler  
  32  4:16  Zergling x2  
  33  4:21  Zergling x6  
  32  4:24  Queen  
  32  4:26  Zergling x4  
  36  4:45  Drone x3  
  38  4:46  Drone  
  41  4:52  Drone  
  29  5:13  Zergling x2  
  29  5:14  Zergling x10  
  32  5:15  Zergling x2  

Tags
 
Add a new tag
Caveats
  • Supply blocks, unpowered buildings, or Contaminate may cause inaccurate times.
  • Supply counts are checked every 10 seconds.